Map: Ephemeron LE

Players

MaSa - Winner!

  • Race: Terran Terran
  • Spawn Location: 5:00

PtitDrogo

  • Race: Protoss Protoss
  • Spawn Location: 11:00

VOD

Have the link to the VOD?

Description

Time

  • Played on: Sept. 6, 2019, 10:19 p.m.
  • Length: 8:43
Show
View Real Time Build Order
Export as new Build Order

MaSa Terran - Winner!

Build Orders: 2 Factory 

Get SALT Encoding   

  12  0:00  SCV  
  13  0:12  SCV  
  14  0:17  Supply Depot  
  14  0:24  SCV  
  15  0:38  SCV  
  15  0:40  Barracks  
  16  0:44  Refinery  
  16  0:50  SCV  
  17  1:02  SCV  
  18  1:15  SCV  
  19  1:27  Orbital Command, Marine  
  20  1:44  Command Center  
  20  1:47  Barracks Reactor  
  20  1:54  SCV  
  21  2:02  Supply Depot  
  21  2:06  SCV  
  22  2:13  Factory  
  22  2:17  Refinery  
  22  2:20  SCV  
  23  2:24  Marine  
  23  2:25  Marine  
  25  2:32  SCV  
  26  2:40  Factory  
  26  2:42  Marine  
  26  2:43  Marine  
  28  2:48  SCV  
  29  2:57  Orbital Command  
  29  3:06  SCV, Factory Tech Lab  
  29  3:10  Marine x2  
  30  3:20  SCV  
  30  3:24  SCV  
  32  3:27  Factory Tech Lab  
  32  3:30  Siege Tank  
  32  3:31  Marine  
  32  3:33  Marine  
  37  3:36  SCV  
  38  3:42  Orbital Command  
  38  3:43  Supply Depot  
  38  3:47  Siege Tank  
  41  3:51  Marine x2  
  43  4:02  Siege Tank  
  46  4:04  Supply Depot  
  46  4:06  SCV  
  46  4:08  SCV  
  46  4:09  Marine x2  
  53  4:24  Siege Tank  
  53  4:27  Marine, SCV x2  
  53  4:28  Supply Depot  
  53  4:30  Marine  
  57  4:45  Marine  
  54  4:47  Marine  
  54  4:48  SCV  
  51  4:59  SCV  
  51  5:00  Bunker  
  51  5:02  Marine  
  51  5:05  Siege Tank, Marine  
  56  5:13  Siege Tank  
  59  5:18  SCV  
  59  5:20  Marine  
  59  5:23  Marine  
  59  5:24  SCV  
  61  5:33  SCV  
  61  5:34  Bunker  
  61  5:36  Barracks  
  61  5:38  Marine  
  61  5:41  Siege Tank, Marine  
  66  5:55  Siege Tank  
  66  5:56  Marine  
  65  5:59  Marine, SCV  
  65  6:05  SCV  
  65  6:11  SCV  
  67  6:12  Barracks  
  67  6:14  Marine  
  67  6:16  Marine, Engineering Bay  
  67  6:17  SCV  
  70  6:23  SCV  
  70  6:30  SCV  
  70  6:31  Supply Depot, Marine  
  69  6:34  Siege Tank, Marine  
  70  6:42  Missile Turret  
  70  6:45  Barracks Tech Lab  
  69  6:47  SCV  
  69  6:50  Missile Turret  
  69  6:52  SCV, Marine x2  
  69  6:53  Siege Tank  
  76  6:59  SCV  
  75  7:01  Marine  
  75  7:04  Marine  
  75  7:05  SCV  
  72  7:10  Marine x2  
  72  7:12  SCV  
  75  7:16  Siege Tank  
  78  7:23  Marine x2  
  78  7:24  SCV  
  78  7:25  SCV  
  78  7:28  Marine  
  78  7:37  Supply Depot  
  78  7:38  Barracks x2  
  78  7:39  SCV  
  78  7:52  Barracks Reactor  
  78  7:54  Command Center  
  78  7:55  SCV  
  78  7:56  Refinery  
  78  7:57  Marine  
  78  7:58  Refinery  
  78  7:59  SCV, Marine x2  
  78  8:07  SCV  
  78  8:11  SCV  
  80  8:15  Marine  
  80  8:16  Marine  
  80  8:18  Marine  
  80  8:19  SCV  
  81  8:23  SCV  
  81  8:25  Supply Depot  
  82  8:32  Barracks Tech Lab x2  
  84  8:37  Supply Depot  
Show
View Real Time Build Order
Export as new Build Order

PtitDrogo Protoss 

Build Orders: 1 Gate Expand 

Get SALT Encoding   

  12  0:00  Probe  
  13  0:12  Probe  
  14  0:17  Pylon  
  14  0:24  Probe  
  15  0:32  Probe  
  15  0:35  Gateway  
  15  0:40  Probe  
  16  0:46  Assimilator  
  17  0:51  Probe  
  18  1:03  Probe  
  19  1:15  Probe  
  20  1:22  Cybernetics Core  
  20  1:32  Nexus  
  20  1:38  Pylon  
  20  1:41  Probe  
  20  1:46  Assimilator  
  21  1:49  Stalker  
  22  1:54  Probe  
  24  2:04  Warp Gate  
  24  2:06  Probe  
  25  2:10  Stalker  
  25  2:18  Probe  
  28  2:30  Probe  
  29  2:37  Robotics Facility  
  29  2:42  Probe, Stalker  
  29  2:43  Probe  
  33  2:54  Probe  
  33  2:55  Probe  
  35  3:06  Probe  
  35  3:11  Probe  
  35  3:17  Gateway  
  35  3:18  Probe  
  35  3:19  Gateway, Probe  
  37  3:21  Sentry  
  37  3:25  Observer  
  41  3:27  Probe  
  41  3:28  Pylon  
  41  3:31  Probe  
  43  3:37  Pylon  
  43  3:39  Probe  
  44  3:43  Probe  
  44  3:47  Observer  
  46  3:51  Probe  
  46  3:53  Assimilator  
  46  3:55  Probe, Assimilator  
  48  3:56  Stalker  
  48  4:00  Probe  
  50  4:05  Pylon  
  50  4:07  Probe  
  50  4:09  Twilight Council  
  52  4:11  Forge  
  52  4:13  Probe  
  52  4:15  Stalker  
  54  4:21  Immortal  
  55  4:26  Stalker  
  61  4:41  Stalker x2  
  61  4:47  Charge  
  61  4:48  Shield Battery  
  57  4:55  Zealot  
  57  4:56  Immortal  
  56  5:06  Shield Battery  
  58  5:11  Dark Shrine  
  58  5:17  Probe  
  58  5:19  Zealot x2  
  59  5:23  Stalker  
  59  5:27  Pylon  
  61  5:34  Pylon  
  61  5:41  Pylon  
  60  5:45  Probe  
  60  5:49  Immortal  
  55  5:50  Probe  
  50  5:57  Probe  
  50  5:58  Stalker  
  50  6:02  Gateway  
  49  6:09  Gateway  
  48  6:12  Gateway  
  48  6:23  Dark Templar  
  34  6:46  Dark Templar  
  36  7:03  Dark Templar  
  38  7:08  Dark Templar x2  
  38  7:10  Probe  
  41  7:22  Probe  
  38  7:32  Dark Templar  
  37  7:38  Dark Templar  
  37  7:42  Zealot  
  37  7:43  Zealot  
  40  7:45  Probe  
  37  7:55  Nexus  
  37  7:57  Probe  
  34  8:06  Dark Templar  
  34  8:12  Dark Templar  
  34  8:16  Archon  
  34  8:19  Zealot  
  27  8:31  Dark Templar  
  27  8:40  Zealot x2  
Tags
 
Add a new tag
Caveats
  • Supply blocks, unpowered buildings, or Contaminate may cause inaccurate times.
  • Supply counts are checked every 10 seconds.